 Dungeon Sprint DCSS version 0.30-a0-778-g2ef04afb54 (webtiles) character file.

Game seed: 2765746159667526158

18 BigDaddyOpFi the Trooper (level 2, -8/25 HPs)
             Began as a Demonspawn Fighter on Feb 16, 2023.
             Was a Believer of Qazlal.
             Mangled by Crazy Yiuf
             ... wielding a +4 quarterstaff of chaos
              (18 damage)
             ... in the Dungeon (Sprint VII: "The Pits").
             The game lasted 00:00:20 (143 turns).

BigDaddyOpFi the Trooper (Demonspawn Fighter)        Turns: 143, Time: 00:00:21

Health: -8/25      AC:  6    Str: 16    XL:     2   Next: 51%
Magic:  4/4        EV:  8    Int:  9    God:    Qazlal [**....]
Gold:   0          SH:  7    Dex: 12    Spells: 1/1 levels left

rFire   . . .      SeeInvis .    a - +0 war axe
rCold   . . .      Faith    .    c - +0 buckler
rNeg    . . .      Spirit   .    b - +0 scale mail
rPois   .          Reflect  .    (no helmet)
rElec   .          Harm     .    (no cloak)
rCorr   .          Rampage  .    (no gloves)
Will    .....      NoTele   +    (no boots) Stlth
                                 (no amulet)
HPRegen 0.24/turn                (no ring)
MPRegen 0.09/turn                (no ring)

@: no status effects
A: condensation shield
a: Renounce Religion, Upheaval


You were in the Dungeon.
You worshipped Qazlal.
Qazlal was pleased with you.
You visited 1 branch

Inventory:

Hand Weapons
 a - a +0 war axe (weapon)
Armour
 b - a +0 scale mail (worn)
 c - a +0 buckler (worn)
Scrolls
 j - a scroll of blinking
Potions
 d - a potion of might
 e - a potion of curing
 g - a potion of haste
 h - 4 potions of magic
 i - 3 potions of berserk rage
 k - 2 potions of invisibility


   Skills:
 + Level 3.6 Fighting
 + Level 2.6 Axes
 + Level 3.3 Armour
 + Level 3.3 Shields
 * Level 3.2 Invocations


You had one spell level left.
You didn't know any spells.
Your spell library was empty.

Dungeon Overview and Level Annotations

Branches:
Dungeon (1/1)

Altars:
Ashenzari
Cheibriados
Dithmenos
Fedhas
Gozag
Hepliaklqana
Kikubaaqudgha
Makhleb
Nemelex Xobeh
Okawaru
Qazlal
Ru
Sif Muna
Trog
Uskayaw
Vehumet
Wu Jian
Xom
Yredelemnul
Jiyva
Lugonu

Annotations:
D Crazy Yiuf


Innate Abilities, Weirdness & Mutations

A meltable shield of frost defends you. (SH +0)


Message History

You open the door.
A jackal and Crazy Yiuf come into view.
Crazy Yiuf is wielding a +4 quarterstaff of chaos and carrying a wand of flame (23).
The jackal barks!
A jackal comes into view.
A ball python skeleton comes into view.
Crazy Yiuf moves out of view.
You hit the jackal.
The jackal is moderately wounded.
You block the jackal's attack. x2
You hit the jackal but do no damage. You hit the jackal.
You kill the jackal!
Qazlal accepts your kill.
You can now call upon nature to destroy your foes.
You block the jackal's attack. The jackal barely misses you.
You hit the jackal.
The jackal is almost dead.
You block the jackal's attack. The jackal barely misses you.
You barely miss the jackal.
The jackal is severely wounded.
The jackal barely misses you. You block the jackal's attack.
You slash the jackal!
You kill the jackal!
Qazlal accepts your kill.
Crazy Yiuf zaps a wand.
The puff of flame hits you.
Your condensation shield dissipates!
You hit the ball python skeleton.
The ball python skeleton is heavily damaged.
You barely miss Crazy Yiuf. You block Crazy Yiuf's attack.
You hit Crazy Yiuf.
Crazy Yiuf is moderately wounded.
Crazy Yiuf hits you with a +4 quarterstaff of chaos!
You convulse.
Crazy Yiuf says, "Ghoul!"
You block Crazy Yiuf's attack.
You hit Crazy Yiuf but do no damage.
Crazy Yiuf is moderately wounded.
Crazy Yiuf twirls on the spot.
Crazy Yiuf hits you with a +4 quarterstaff of chaos!!
Ouch! That really hurt!
You die...

#_________.#
#_______...##########
##########'##b.......
#.?(.')))'.##......#.
##########.##........
#...........†........
#+#####'#####......#.
#..#.)#..##........
#.@'..'..#####'####
##g####+###.......#
.Z. #.......# #....
#.......# #####+
#...<...# #.......#
#.......# #.......#
#########


You could see Crazy Yiuf and a ball python skeleton.

Vanquished Creatures
  2 ufetubi (D)
  A bat (D)
  An endoplasm (D)
  2 jackals (D)
  A kobold (D)
  A frilled lizard (D)
8 creatures vanquished.

Notes
Turn   | Place    | Note
-------+----------+-------------------------------------------
     0 | D        | BigDaddyOpFi the Demonspawn Fighter began the quest for the
                  | Orb.
     0 | D        | Reached XP level 1. HP: 18/18 MP: 1/1
    18 | D        | Found a bloodstained altar of Trog.
    18 | D        | Found a shimmering blue altar of Sif Muna.
    18 | D        | Found a viscous altar of Jiyva.
    18 | D        | Found a hazy altar of Hepliaklqana.
    18 | D        | Found an opulent altar of Gozag.
    19 | D        | Found a basalt altar of Yredelemnul.
    19 | D        | Found a shimmering altar of Xom.
    19 | D        | Found an ornate altar of the Wu Jian Council.
    19 | D        | Found a sacrificial altar of Ru.
    19 | D        | Found a stormy altar of Qazlal.
    19 | D        | Found an iron altar of Okawaru.
    19 | D        | Found a sparkling altar of Nemelex Xobeh.
    19 | D        | Found a burning altar of Makhleb.
    19 | D        | Found a blossoming altar of Fedhas.
    19 | D        | Found a shadowy altar of Dithmenos.
    19 | D        | Found a snail-covered altar of Cheibriados.
    20 | D        | Found a radiant altar of Vehumet.
    20 | D        | Found a corrupted altar of Lugonu.
    21 | D        | Found an ancient bone altar of Kikubaaqudgha.
    21 | D        | Found a hide-covered altar of Uskayaw.
    21 | D        | Found a broken altar of Ashenzari.
    24 | D        | Became a worshipper of Qazlal Stormbringer
    50 | D        | Reached skill level 1 in Invocations
    55 | D        | Reached * piety under Qazlal
    65 | D        | Gained mutation: A meltable shield of frost defends you.
                  | (SH +0) [demonic ancestry]
    65 | D        | Reached XP level 2. HP: 16/24 MP: 1/3
   134 | D        | Noticed Crazy Yiuf
   136 | D        | Reached ** piety under Qazlal
   143 | D        | Mangled by Crazy Yiuf

Illustrated notes

Levels and vault maps discovered:
D:        pitsprint [storerooms_1, entrance_room_1, metal_vault_3, armoury_1,
          mini_pit_1, grid_room_1, main_hall_1, silver_pit, the_coven_1,
          the_vestibule_1, steel_vault_1, golden_pit, hallway_of_sentries,
          crystal_vault_4, iron_vault_1, final_vault]

Skill      XL: |  1  2 |
---------------+-------+-----
Axes           | 2 |  2.6
Invocations    | 2 3 |  3.2
Armour         | 3 |  3.3
Shields        | 3 |  3.3
Fighting       | |  3.6

Action                     || total
---------------------------++-------
  Melee: War axe           ||    21
    Use: Potion            ||     1
 Armour: Scale mail        ||     6
  Dodge: Dodged            ||    18
  Block: Buckler           ||    18

Table legend: (Time is in decaauts)
 A = Elapsed time spent in this place.
 B = Non-inter-level travel time spent in this place.
 C = Inter-level travel time spent in this place.
 D = Time resting spent in this place.
 E = Time spent auto-exploring this place.
 F = Levels seen in this place.
 G = Mean time per level.
                   A        B        C        D        E       F      G
               +--------+--------+--------+--------+--------+-----+--------+
         Total |    152 |    152 |      0 |     67 |      0 |   1 |  152.0 |
       Dungeon |    152 |    152 |      0 |     67 |      0 |   1 |  152.0 |
               +--------+--------+--------+--------+--------+-----+--------+

Top non-repeatable levels by time:
       D: 152 daAuts
